 Dungeon Crawl Stone Soup version 0.28-a0-10-g964c8b829e (webtiles) character file.

Game seed: 6813285096962433061

262 bande the Skirmisher (level 6, -15/38 HPs)
             Began as a Gargoyle Fighter on July 26, 2021.
             Demolished by an ogre (16 damage)
             ... on level 4 of the Dungeon.
             The game lasted 00:06:11 (3356 turns).

bande the Skirmisher (Gargoyle Fighter)             Turns: 3356, Time: 00:06:12

Health: -15/38     AC: 17    Str: 20    XL:     6   Next: 18%
Magic:  6/6        EV:  3    Int:  9    God:
Gold:   33         SH:  9    Dex: 10    Spells: 5/5 levels left

rFire   . . .      SeeInvis .   a - +0 war axe
rCold   . . .      Faith    .   c - +0 kite shield
rNeg    + . .      Spirit   .   e - +0 plate armour
rPois   ∞          Reflect  .   (no helmet)
rElec   +          Harm     .   (no cloak)
rCorr   .          Rampage  .   (no gloves)
Will    .....                   i - +0 pair of boots
Stlth   ..........              (no amulet)
HPRegen 0.12/turn               (no ring)
MPRegen 0.10/turn               (no ring)

@: no status effects
A: sickness immunity, AC +4, negative energy resistance 1, electricity
resistance, torment resistance 1, petrification resistance
a: no special abilities


You were on level 4 of the Dungeon.
You visited 1 branch of the dungeon, and saw 4 of its levels.

You collected 33 gold pieces.

Inventory:

Hand Weapons
 a - a +0 war axe (weapon)
 f - a +0 flail
Missiles
 h - 3 atropa-tipped darts (quivered)
Armour
 c - a +0 kite shield (worn)
 e - a +0 plate armour (worn)
 i - a +0 pair of boots (worn)
Scrolls
 j - a scroll of fear
 l - a scroll of teleportation {unknown}
Potions
 b - a potion of haste {unknown}
 d - a potion of might
 g - a potion of heal wounds
 k - a potion of curing {unknown}
 m - 2 potions of brilliance


   Skills:
 + Level 4.3 Fighting
 + Level 4.2 Axes
 + Level 4.2 Armour
 + Level 0.1 Stealth
 + Level 4.2 Shields


You had 5 spell levels left.
You didn't know any spells.
Your spell library contained the following spells:

 Spells                   Type           Power      Damage    Failure   Level
 Summon Small Mammal      Summ           0%         N/A       100%        1
 Static Discharge         Conj/Air       0%         N/A       100%        2
 Call Canine Familiar     Summ           0%         N/A       100%        3
 Summon Guardian Golem    Hex/Summ       0%         N/A       100%        3
 Lightning Bolt           Conj/Air       0%         1d11      100%        5
 Maxwell's Capacitive Co  Air            0%         ∞         100%        8


Dungeon Overview and Level Annotations

Branches:
Dungeon (4/15)
 Temple: D:4-7

Altars:
Xom


Innate Abilities, Weirdness & Mutations

You are immune to sickness and miasma.
Your stone body is resilient. (AC +4)
You are immune to poison.
You resist negative energy. (rN+)
You are resistant to electric shocks. (rElec)
You are resistant to unholy torment.
You are immune to petrification.


Message History

The ufetubus hits you but does no damage. x2
The ufetubus barely misses you.
Your shield and plate armour prevent you from hitting the ufetubus.
The ufetubus is moderately wounded.
The ufetubus hits you but does no damage.
You block the ufetubus's attack. x2
The ufetubus hits you but does no damage.
You closely miss the ufetubus.
The ufetubus is moderately wounded.
The ufetubus hits you but does no damage. x2
The ufetubus barely misses you.
The ufetubus hits you but does no damage.
You slash the ufetubus!
You kill the ufetubus!
You start resting.
HP restored.
Found a stone staircase leading down.
An ogre comes into view. It is wielding a +0 giant spiked club.
The ogre shouts!
You hit the ogre.
The ogre is lightly wounded.
You block the ogre's attack.
You hit the ogre.
The ogre is lightly wounded.
The ogre hits you with a +0 giant spiked club!
The ogre hits you with a +0 giant spiked club.
You closely miss the ogre.
The ogre is lightly wounded.
The ogre hits you with a +0 giant spiked club.
You slash the ogre!
The ogre is heavily wounded.
The ogre hits you with a +0 giant spiked club.
You slash the ogre!
The ogre is almost dead.
The ogre hits you with a +0 giant spiked club!!
* * * LOW HITPOINT WARNING * * *
You hit the ogre.
The ogre is almost dead.
The ogre hits you with a +0 giant spiked club!
You die...

..........###...# ##.........
...............## ##..........
..........>...## #...........
..............# ######....#.
..............# ##..##.
.............## #..##.
.............###############.##..
.............................##..
...............O@.............#..
..........#############..........
.≈≈≈....### #...........
..§.....# #........... .........#
#.........#. ......§≈..#
#.........#. .......§≈O..
#.........## .§............
#.........## §≈≈≈≈.........
#.........#


You could see an ogre.

Vanquished Creatures
  A bullfrog (D:4)
  A water moccasin zombie (D:3)
  An orc priest (D:3)
  An orc wizard (D:3)
  An adder (D:2)
  An ufetubus (D:4)
  3 worms
  6 dart slugs
  5 orcs
  5 endoplasms
  2 giant cockroaches
  3 goblins
  A hobgoblin (D:1)
  4 jackals (D:1)
  4 quokkas
  A ball python (D:2)
  A bat (D:1)
  3 frilled lizards (D:1)
  6 kobolds
  5 rats
55 creatures vanquished.

Notes
Turn   | Place    | Note
-------+----------+-------------------------------------------
     0 | D:1      | bande the Gargoyle Fighter began the quest for the Orb.
     0 | D:1      | Reached XP level 1. HP: 14/14 MP: 1/1
   121 | D:1      | Reached XP level 2. HP: 12/19 MP: 2/2
   853 | D:1      | Reached XP level 3. HP: 22/23 MP: 3/3
  1514 | D:2      | Reached XP level 4. HP: 23/28 MP: 4/4
  1696 | D:3      | Found a shimmering altar of Xom.
  1859 | D:3      | Reached XP level 5. HP: 26/33 MP: 5/5
  3141 | D:4      | Reached XP level 6. HP: 22/38 MP: 6/6
  3355 | D:4      | HP: 1/38 [ogre (18)]
  3356 | D:4      | Demolished by an ogre

Illustrated notes

Levels and vault maps discovered:
D:1:      dpeg_arrival_stonehenge_8_columns, layout_basic
D:2:      layout_rooms, hangedman_abyss_or_decor_stabs
D:3:      layout_basic, mainiacjoe_overflow_chevrons
D:4:      layout_cave_pods, kennysheep_decorative_pillar

Skill      XL: |  1  2  3  4  5 |
---------------+----------------+-----
Axes           | 2 3 4 |  4.2
Shields        | 4 |  4.2
Fighting       | 4 |  4.3
Armour         | 4 |  4.2
Stealth        | |  0.1

Action                   |  1- 3 |  4- 6 || total
-------------------------+-------+-------++-------
Melee: War axe           |   114 |    80 ||   194
  Use: Scroll            |     2 |     5 ||     7
Armor: Plate armour      |    83 |    80 ||   163
       Scale mail        |     4 |       ||     4
Dodge: Dodged            |    18 |    11 ||    29
Block: Kite shield       |    67 |    42 ||   109

Table legend: (Time is in decaauts)
 A = Elapsed time spent in this place.
 B = Non-inter-level travel time spent in this place.
 C = Inter-level travel time spent in this place.
 D = Time resting spent in this place.
 E = Time spent auto-exploring this place.
 F = Levels seen in this place.
 G = Mean time per level.
                   A        B        C        D        E       F      G
               +--------+--------+--------+--------+--------+-----+--------+
         Total |   3471 |   3471 |      0 |    760 |   1956 |   4 |  867.8 |
       Dungeon |   3471 |   3471 |      0 |    760 |   1956 |   4 |  867.8 |
               +--------+--------+--------+--------+--------+-----+--------+

Top non-repeatable levels by time:
     D:1: 1047 daAuts
     D:3: 937 daAuts
     D:2: 743 daAuts
     D:4: 742 daAuts
